 Dungeon Crawl Stone Soup version 0.26-a0-652-gafc20e3620 (webtiles) character file.

Game seed: 18089441797369035843

60799 Gargoyl the Fighter (level 15, -2/119 HPs)
             Began as a Gnoll Abyssal Knight on Oct 4, 2020.
             Was a Priest of Lugonu.
             Slain by a dire elephant (16 damage)
             ... on level 5 of the Lair of Beasts.
             The game lasted 00:38:02 (27908 turns).

Gargoyl the Fighter (Gnoll Abyssal Knight)         Turns: 27908, Time: 00:38:03

Health: -2/119     AC: 23    Str: 21    XL:     15   Next: 0%
Magic:  28/28      EV: 13    Int: 15    God:    Lugonu [***...]
Gold:   637        SH: 14    Dex: 17    Spells: 33/33 levels left

rFire    + + .     SeeInvis .   e - +3 broad axe "Syenit" {vorpal, *Noise +Inv Dex+3}
rCold    . . .     Faith    .   A - +2 kite shield {AC+3}
rNeg     . . .     Spirit   .   y - +1 chain mail {rF+}
rPois    .         Reflect  .   p - +1 helmet of Modesty {rElec MR++ Regen+ Stlth+}
rElec    +         Harm     .   c - scarf {shadows}
rCorr    +         Rampage  .   F - +2 pair of gloves
MR       +++..                  B - +0 pair of boots
Stlth    ++........             (no amulet)
HPRegen  0.69/turn              j - ring of resist corrosion
MPRegen  0.21/turn              o - ring of protection from fire

@: no status effects
A: distributed training, fangs 1, strong nose
a: Depart the Abyss, Bend Space, Banish, Renounce Religion, Evoke Invisibility


You were on level 5 of the Lair of Beasts.
You worshipped Lugonu.
Lugonu was most pleased with you.
You visited 2 branches of the dungeon, and saw 18 of its levels.
You visited the Abyss 3 times.
You also visited: Bailey.

You collected 1216 gold pieces.
You spent 579 gold pieces at shops.

Inventory:

Hand Weapons
 a - a +1 hand axe of flaming
 e - the +3 broad axe "Syenit" (weapon) {vorpal, *Noise +Inv Dex+3}
   (You took it off a wight on level 12 of the Dungeon)

   It inflicts extra damage upon your enemies.
   It affects your dexterity (+3).
   It lets you turn invisible.
   It may make noises in combat.
 f - a +1 hand axe of venom
 D - a +2 war axe
Missiles
 k - 60 poisoned darts (quivered)
Armour
 c - a scarf of shadows (worn)
 p - the +1 helmet of Modesty (worn) {rElec MR++ Regen+ Stlth+}
   (You bought it in a shop on level 12 of the Dungeon)

   It insulates you from electricity.
   It affects your resistance to hostile enchantments.
   It increases your rate of regeneration.
   It makes you more stealthy.
 y - a +1 chain mail of fire resistance (worn)
 A - a +2 kite shield of protection (worn)
 B - a +0 pair of boots (worn)
 F - a +2 pair of gloves (worn)
Jewellery
 j - a ring of resist corrosion (left hand)
 o - a ring of protection from fire (right hand)
Wands
 l - a wand of iceblast (11)
 s - a wand of polymorph (6)
 v - a wand of disintegration (24)
 x - a wand of digging (3)
 z - a wand of acid (10)
Scrolls
 b - 11 scrolls of remove curse
 h - 2 scrolls of fog
 i - 2 scrolls of identify
 w - 2 scrolls of magic mapping
Potions
 d - 2 potions of resistance
 m - 5 potions of lignification
 n - 2 potions of flight
 q - a potion of curing
 t - a potion of heal wounds
 u - 6 potions of magic
 C - 3 potions of stabbing
 E - a potion of haste {unknown}
 G - a potion of brilliance
 H - 2 potions of cancellation {unknown}


   Skills:
 + Level 11.5 Fighting
 + Level 9.7 Short Blades
 + Level 9.7 Long Blades
 + Level 10.6 Axes
 + Level 9.7 Maces & Flails
 + Level 9.7 Polearms
 + Level 9.7 Staves
 + Level 9.7 Slings
 + Level 9.7 Bows
 + Level 9.7 Crossbows
 + Level 9.7 Throwing
 + Level 10.6 Armour
 + Level 10.0 Dodging
 + Level 9.7 Stealth
 + Level 9.7 Shields
 + Level 9.7 Unarmed Combat
 + Level 9.7 Spellcasting
 + Level 8.1 Conjurations
 + Level 8.1 Hexes
 + Level 8.1 Summonings
 + Level 8.1 Necromancy
 + Level 8.1 Translocations
 + Level 8.1 Transmutations
 + Level 8.1 Fire Magic
 + Level 8.1 Ice Magic
 + Level 8.1 Air Magic
 + Level 8.1 Earth Magic
 + Level 8.1 Poison Magic
 + Level 11.3 Invocations
 + Level 9.7 Evocations


You had 33 spell levels left.
You didn't know any spells.
Your spell library contained the following spells:

 Spells                   Type           Power        Failure   Level
 Magic Dart               Conj           ###.         4%          1
 Sandblast                Erth           ###...       4%          1
 Shock                    Conj/Air       ###.         4%          1
 Blink                    Tloc           N/A          7%          2
 Call Imp                 Summ           ###.....     7%          2
 Passwall                 Tmut/Erth      ###.....     7%          2
 Slow                     Hex            ###.....     7%          2
 Swiftness                Air            ###.....     7%          2
 Conjure Flame            Conj/Fire      ###.....     14%         3
 Gell's Gravitas          Tloc           ###.......   14%         3
 Lesser Beckoning         Tloc           ###.......   14%         3
 Mephitic Cloud           Conj/Pois/Air  ###.....     14%         3
 Static Discharge         Conj/Air       ###.....     14%         3
 Stone Arrow              Conj/Erth      ###...       14%         3
 Teleport Other           Tloc           ###.....     14%         3
 Airstrike                Air            ###.......   41%         4
 Ice Form                 Ice/Tmut       ###.....     41%         4
 Passage of Golubria      Tloc           N/A          41%         4
 Petrify                  Tmut/Erth      ###.....     41%         4
 Lee's Rapid Deconstruct  Erth           ###.......   77%         5
 Lightning Bolt           Conj/Air       ###.......   77%         5
 Metabolic Englaciation   Hex/Ice        ###.......   77%         5
 Freezing Cloud           Conj/Ice/Air   ###.......   100%        6
 Ozocubu's Refrigeration  Ice            ###.......   100%        6
 Simulacrum               Ice/Necr       ###.......   100%        6
 Ignition                 Fire           ###.......   100%        8
 Shatter                  Erth           ###.......   100%        9
 Tornado                  Air            ###.......   100%        9


Dungeon Overview and Level Annotations

Branches:
Dungeon (12/15)            Temple (0/1) D:7            Lair (6/6) D:9
  Swamp (0/4) Lair:3       Spider (0/4) Lair:3        Slime (0/5) Lair:6
    Orc (0/2) D:11         Bailey (visited)

Altars:
Elyvilon
Gozag
Okawaru
Qazlal
Trog
Uskayaw
The Shining One
Beogh

Shops:
D:8 [   D:12 *

Annotations:
D:9 1 runed translucent door, Ekaxt's ghost, novice GrFi
Abyss:1 Rupert


Innate Abilities, Weirdness & Mutations

Your experience applies equally to all skills.
You have very sharp teeth.
Your uncanny sense of smell can sniff out nearby items.


Message History

The dire elephant is heavily wounded.
The dire elephant misses you.
The dire elephant trunk-slaps you but does no damage.
The dire elephant tramples you!!
You stumble backwards!
You hit the dire elephant but do no damage.
The dire elephant is heavily wounded.
The dire elephant closely misses you. The dire elephant trunk-slaps you!
* * * LOW HITPOINT WARNING * * *
Unknown command.
You slash the dire elephant!
Your broad axe "Syenit" dwells on sagas on the glory of old.
The dire elephant is severely wounded.
The dire elephant tramples you!!
* * * LOW HITPOINT WARNING * * *
You stumble backwards!
Unknown command.
You hit the dire elephant but do no damage.
The dire elephant is severely wounded.
The dire elephant tramples you!
You die...

.................#..########...P.
≈≈≈≈≈≈≈P≈P≈≈P..P####.#####...#.##
≈≈♣♣♣♣≈≈≈≈≈≈≈..## ##..P.....####
♣♣♣P≈≈≈P≈≈≈♣...## ##..........#
♣....P≈♣♣≈≈..P#.######P........##
...÷.........<....#...P^.......P.
..........P..........P.......(...
...[....#.....#....^.#........###
....##.....P....@...P.......###
....##...........Y.......PP#.#
..####.....#..#...........####
...####.......###..>......##
..###...#......##..........##
..###..P.....[###.#....#....##
..#...........###......#.(...# ##
.........#...###.............###.
.#...........##......####....##..


You could see a dire elephant (very poisoned).

Vanquished Creatures
  2 dire elephants (Lair:6)
  Harold (Lair:2)
  Fannar (Lair:2)
  2 catoblepae
  A centaur warrior (D:10)
  3 hydras
  2 two-headed ogres (D:10)
  10 death yaks
  An anaconda (Lair:6)
  Urug (D:11)
  Nergalle (D:10)
  2 orc knights (D:11)
  A deep elf mage (D:10)
  Pikel (D:9)
  19 elephants
  Joseph (D:8)
  2 cyclopes (D:12)
  A centaur zombie (D:12)
  3 black mambas
  7 komodo dragons
  8 cane toads
  2 rime drakes (Lair:6)
  A harpy zombie (D:12)
  A troll (D:11)
  Prince Ribbit (Lair:2)
  A hornet (D:8)
  20 blink frogs
  8 hippogriffs
  7 dream sheep (Lair:6)
  3 spriggans (Lair:6)
  2 water elementals (D:12)
  3 wyverns
  A shadow (D:11)
  A wraith (D:9)
  2 basilisks
  38 yaks
  Grum (D:7)
  3 swamp worms (Lair:3)
  An acid dragon (D:12)
  6 porcupines
  9 water moccasins
  3 black bears
  2 ice beasts (D:10)
  A phantom (D:9)
  12 orc warriors
  3 sky beasts
  20 wolves
  5 centaurs
  4 ogres
  14 crocodiles
  7 bullfrogs
  A gnoll sergeant (D:11)
  Blork the orc (D:5)
  A wyvern zombie (D:12)
  7 scorpions
  9 electric eels
  20 wights
  4 howler monkeys
  A bullfrog zombie (D:5)
  3 jellies
  3 hounds
  3 bullfrog skeletons
  A gnoll shaman (D:5)
  9 orc priests
  4 iguanas
  16 orc wizards
  8 worker ants
  A hound zombie (D:10)
  5 hound skeletons
  A worker ant zombie (D:10)
  13 gnolls
  2 howler monkey skeletons (D:9)
  12 adders
  4 shadow imps
  5 white imps
  An ooze (D:1)
  4 ufetubi
  An adder zombie (D:8)
  4 worms
  2 adder skeletons
  2 dart slugs
  4 leopard geckos
  65 orcs
  8 bats
  6 giant cockroaches
  14 goblins
  9 hobgoblins
  5 jackals
  8 kobolds
  4 quokkas
  3 ball pythons
  7 frilled lizards
  A jackal skeleton (D:4)
  A jackal zombie (D:8)
  A leopard gecko skeleton (D:6)
  2 quokka skeletons
  6 rats
544 creatures vanquished.

Vanquished Creatures (others)
  4 bushes
  44 fungi
  88 plants
136 creatures vanquished.

Grand Total: 680 creatures vanquished

Notes
Turn   | Place    | Note
-------+----------+-------------------------------------------
     0 | Abyss:1  | Gargoyl the Gnoll Abyssal Knight began the quest for the
                  | Orb.
     0 | Abyss:1  | Reached XP level 1. HP: 23/23 MP: 3/3
    76 | Abyss:1  | Noticed a jelly
    76 | Abyss:1  | Noticed an apocalypse crab
    93 | Abyss:1  | Noticed a ynoxinul
   111 | D:1      | Escaped the Abyss
   212 | D:1      | Noticed a human
   215 | D:1      | Noticed a naga
   215 | D:1      | Noticed a demonspawn
   217 | D:1      | Noticed a dwarf
   217 | D:1      | Noticed an ogre
   219 | D:1      | Noticed a minotaur
   219 | D:1      | Noticed a demigod
   221 | D:1      | Noticed a felid
   221 | D:1      | Noticed a vampire
   223 | D:1      | Noticed a vine stalker
   225 | D:1      | Noticed a merfolk
   225 | D:1      | Noticed a troll
   227 | D:1      | Noticed an octopode
   227 | D:1      | Noticed a spriggan
   229 | D:1      | Noticed a formicid
   229 | D:1      | Noticed a draconian
   231 | D:1      | Noticed a gargoyle
   231 | D:1      | Noticed an elf
   233 | D:1      | Noticed a centaur
   235 | D:1      | Noticed a halfling
   235 | D:1      | Noticed a tengu
   237 | D:1      | Noticed a ghoul
   325 | D:1      | Reached * piety under Lugonu
   376 | D:1      | Reached XP level 2. HP: 29/29 MP: 5/5
   541 | D:1      | Reached XP level 3. HP: 33/35 MP: 6/6
  1425 | D:2      | Reached skill level 1 in Short Blades
  1425 | D:2      | Reached skill level 1 in Long Blades
  1425 | D:2      | Reached skill level 1 in Maces & Flails
  1425 | D:2      | Reached skill level 1 in Polearms
  1425 | D:2      | Reached skill level 1 in Staves
  1425 | D:2      | Reached skill level 1 in Slings
  1425 | D:2      | Reached skill level 1 in Bows
  1425 | D:2      | Reached skill level 1 in Crossbows
  1425 | D:2      | Reached skill level 1 in Throwing
  1425 | D:2      | Reached skill level 1 in Stealth
  1425 | D:2      | Reached skill level 1 in Shields
  1425 | D:2      | Reached skill level 1 in Unarmed Combat
  1425 | D:2      | Reached skill level 1 in Spellcasting
  1425 | D:2      | Reached skill level 1 in Evocations
  1425 | D:2      | Reached XP level 4. HP: 41/41 MP: 7/7
  1569 | D:2      | Reached ** piety under Lugonu
  2160 | D:3      | Reached skill level 1 in Conjurations
  2160 | D:3      | Reached skill level 1 in Hexes
  2160 | D:3      | Reached skill level 1 in Summonings
  2160 | D:3      | Reached skill level 1 in Necromancy
  2160 | D:3      | Reached skill level 1 in Translocations
  2160 | D:3      | Reached skill level 1 in Transmutations
  2160 | D:3      | Reached skill level 1 in Fire Magic
  2160 | D:3      | Reached skill level 1 in Ice Magic
  2160 | D:3      | Reached skill level 1 in Air Magic
  2160 | D:3      | Reached skill level 1 in Earth Magic
  2160 | D:3      | Reached skill level 1 in Poison Magic
  2249 | D:3      | Found a faded altar of an unknown god.
  2367 | D:3      | Reached XP level 5. HP: 19/47 MP: 8/8
  2626 | D:3      | Found an iron altar of Okawaru.
  3110 | D:4      | Found a hide-covered altar of Uskayaw.
  3115 | D:4      | Reached skill level 5 in Invocations
  3123 | D:4      | Reached XP level 6. HP: 50/53 MP: 9/9
  3345 | D:4      | Reached skill level 5 in Axes
  3345 | D:4      | Reached skill level 5 in Armour
  3475 | D:4      | Reached *** piety under Lugonu
  3614 | D:4      | Found a glowing golden altar of the Shining One.
  3616 | D:4      | Found a stormy altar of Qazlal.
  3618 | D:4      | Found a white marble altar of Elyvilon.
  3915 | D:4      | Found a glowing golden altar of the Shining One.
  3934 | D:5      | Entered Level 5 of the Dungeon
  4103 | D:5      | Reached XP level 7. HP: 42/59 MP: 10/10
  4847 | D:5      | Noticed Blork the orc
  4856 | D:5      | Killed Blork the orc
  5182 | D:5      | Noticed a hippogriff
  5200 | D:5      | Killed a hippogriff
  5200 | D:5      | Reached XP level 8. HP: 37/67 MP: 12/12
  6730 | D:6      | Reached XP level 9. HP: 48/72 MP: 14/14
  7824 | D:7      | Reached **** piety under Lugonu
  7828 | D:7      | Reached skill level 5 in Dodging
  9085 | D:7      | Found a staircase to the Ecumenical Temple.
  9548 | D:8      | Noticed Grum
  9611 | D:7      | Killed Grum
  9853 | D:8      | Noticed Joseph
  9869 | D:7      | Reached XP level 10. HP: 75/80 MP: 17/17
  9914 | D:8      | Killed Joseph
  9914 | D:8      | Reached skill level 5 in Short Blades
  9914 | D:8      | Reached skill level 5 in Long Blades
  9914 | D:8      | Reached skill level 5 in Maces & Flails
  9914 | D:8      | Reached skill level 5 in Polearms
  9914 | D:8      | Reached skill level 5 in Staves
  9914 | D:8      | Reached skill level 5 in Slings
  9914 | D:8      | Reached skill level 5 in Bows
  9914 | D:8      | Reached skill level 5 in Crossbows
  9914 | D:8      | Reached skill level 5 in Throwing
  9914 | D:8      | Reached skill level 5 in Stealth
  9914 | D:8      | Reached skill level 5 in Shields
  9914 | D:8      | Reached skill level 5 in Unarmed Combat
  9914 | D:8      | Reached skill level 5 in Spellcasting
  9914 | D:8      | Reached skill level 5 in Evocations
 10338 | D:8      | Paralysed by a hornet for 1 turns
 10373 | D:8      | Found Meusuag's Antique Armour Shoppe.
 10438 | D:8      | Bought a shiny kite shield for 172 gold pieces
 10438 | D:8      | Bought a pair of boots for 103 gold pieces
 10678 | D:8      | Found an opulent altar of Gozag.
 10934 | D:9      | Found a flagged portal.
 11158 | Bailey   | Entered a bailey
 11181 | D:9      | Found a runed translucent door.
 11204 | D:9      | Noticed Ekaxt's ghost (novice GrFi)
 11254 | D:9      | Found a bloodstained altar of Trog.
 11573 | D:9      | Noticed Pikel
 11591 | D:9      | Killed Pikel
 11797 | D:9      | Found a staircase to the Lair.
 11825 | D:9      | Found a bloodstained altar of Trog.
 12100 | D:10     | Entered Level 10 of the Dungeon
 12780 | D:10     | Reached XP level 11. HP: 87/87 MP: 19/19
 12854 | D:10     | Noticed a two-headed ogre
 12887 | D:10     | Killed a two-headed ogre
 13119 | D:10     | Noticed a centaur warrior
 13131 | D:10     | Noticed a deep elf mage
 13132 | D:10     | Reached skill level 5 in Conjurations
 13132 | D:10     | Reached skill level 5 in Hexes
 13132 | D:10     | Reached skill level 5 in Summonings
 13132 | D:10     | Reached skill level 5 in Necromancy
 13132 | D:10     | Reached skill level 5 in Translocations
 13132 | D:10     | Reached skill level 5 in Transmutations
 13132 | D:10     | Reached skill level 5 in Fire Magic
 13132 | D:10     | Reached skill level 5 in Ice Magic
 13132 | D:10     | Reached skill level 5 in Air Magic
 13132 | D:10     | Reached skill level 5 in Earth Magic
 13132 | D:10     | Reached skill level 5 in Poison Magic
 13140 | D:10     | Killed a centaur warrior
 13148 | D:10     | Killed a deep elf mage
 13450 | D:10     | Noticed a two-headed ogre
 13475 | D:10     | Killed a two-headed ogre
 13675 | D:10     | Reached ***** piety under Lugonu
 13998 | D:11     | Noticed Nergalle
 13999 | D:11     | Noticed Urug
 14407 | D:10     | Killed Nergalle
 14985 | D:11     | Noticed an orc knight
 14995 | D:11     | Noticed an orc knight
 15030 | D:11     | Killed an orc knight
 15075 | D:11     | Killed an orc knight
 15457 | D:11     | Found a roughly hewn altar of Beogh.
 15458 | D:11     | Found a staircase to the Orcish Mines.
 15887 | D:11     | Identified the +1 ring mail of Terror {rF++}
 15920 | D:11     | Killed Urug
 16316 | D:12     | Reached XP level 12. HP: 28/96 MP: 22/22
 17084 | D:12     | Identified the +3 broad axe "Syenit" {vorpal, *Noise +Inv
                  | Dex+3}
 17725 | D:12     | Found Koann's Assorted Antiques.
 17732 | D:12     | Bought a scorched helmet for 304 gold pieces
 17737 | D:12     | Identified the +1 helmet of Modesty {rElec MR++ Regen+
                  | Stlth+} (You bought it in a shop on level 12 of the
                  | Dungeon)
 18480 | Lair:1   | Entered Level 1 of the Lair of Beasts
 18669 | Lair:1   | Noticed a six-headed hydra
 18680 | Lair:1   | Killed a one-headed hydra
 18904 | Lair:1   | Reached skill level 10 in Fighting
 19492 | Lair:2   | Noticed Harold
 19500 | Lair:2   | Noticed a six-headed hydra
 19507 | Lair:2   | Noticed a death yak
 19507 | Lair:2   | Noticed a death yak
 19507 | Lair:2   | Noticed a death yak
 19507 | Lair:2   | Noticed a death yak
 19508 | Lair:2   | Noticed Fannar
 19594 | Lair:2   | Escaped the Abyss
 19594 | Lair:2   | Noticed a death yak
 19594 | Lair:2   | Noticed a death yak
 19689 | Lair:2   | Killed a death yak
 20025 | Lair:2   | Noticed Prince Ribbit
 20050 | Lair:2   | Killed Prince Ribbit
 20161 | Lair:2   | Reached XP level 13. HP: 98/103 MP: 24/24
 20473 | Lair:2   | Killed Fannar
 20616 | Lair:2   | Reached skill level 10 in Invocations
 21102 | Lair:2   | Killed Harold
 21649 | Lair:3   | Found a staircase to the Swamp.
 22072 | Lair:3   | Found a hole to the Spider Nest.
 22713 | Lair:4   | Noticed Rupert
 22714 | Lair:4   | Paralysed by Rupert for 7 turns
 22722 | Lair:4   | Banished Rupert
 22722 | Lair:4   | Reached XP level 14. HP: 111/111 MP: 18/26
 22806 | Lair:4   | Reached skill level 10 in Axes
 22806 | Lair:4   | Reached skill level 10 in Armour
 24982 | Lair:6   | Entered Level 6 of the Lair of Beasts
 25164 | Lair:6   | Found a staircase to the Slime Pits.
 27248 | Lair:6   | Reached skill level 10 in Dodging
 27257 | Lair:6   | Noticed a dire elephant
 27284 | Lair:6   | Killed a dire elephant
 27352 | Lair:6   | Noticed a dire elephant
 27352 | Lair:6   | Noticed a dire elephant
 27355 | Lair:6   | Noticed a dire elephant
 27359 | Lair:6   | Noticed a dire elephant
 27487 | Lair:6   | Escaped the Abyss
 27632 | Lair:6   | Killed a dire elephant
 27632 | Lair:6   | Reached XP level 15. HP: 15/119 MP: 28/28
 27908 | Lair:5   | Slain by a dire elephant

Illustrated notes

Levels and vault maps discovered:
D:1:      kb_arrival_jail, layout_loops_ring
D:2:      layout_loops_ring, roderic_roman_lattice, hangedman_feature_mirror,
          roderic_lattice_a
D:3:      layout_rooms, chequers_ecumenical_altar_simple,
          chequers_serial_rivers_micro_d, okawaru_altar_gauntlet_db
D:4:      layout_basic, eat_drink_and_be_merry_uskayaw,
          grunt_temple_overflow_open, tso_altar
D:5:      layout_layer_cave, minmay_misc_feat_pillars, uniq_blork_the_orc
D:6:      layout_loops_ring, kb_lookout_dungeons_type
D:7:      layout_rooms, minmay_temple_entry_mist
D:8:      layout_basic, serial_shops, shop, basic_altar, uniq_grum, uniq_joseph
D:9:      layout_loops_cross, lair_entry_dummy, enter_bailey_3,
          ebering_ghost_reflecting_pool, hangedman_feature_mirror,
          lemuel_old_faithful, uniq_pikel
D:10:     layout_loops_ring, minmay_bent
D:11:     layout_loops_ring, david_orc_5, uniq_nergalle, uniq_urug
D:12:     layout_roguey, serial_shops, shop, chequers_serial_rivers_large_a,
          chequers_big_river
Lair:1:   layout_regular_city
Lair:2:   layout_long_grid, beast_lair_carwin_10, uniq_harold,
          uniq_prince_ribbit2, uniq_fannar
Lair:3:   layout_cave_shapes, swamp_mist, nicolae_spider_entry_orb_guardian,
          worms_lemuel, serial_bayou_shore_b
Lair:4:   layout_big_grid, chequers_serial_rivers_small_3,
          chequers_serial_rivers_room_a, serial_bayou_pond_b,
          bobbens_ice_dragon_lair, serial_bayou_shore_a, uniq_rupert
Lair:5:   layout_misc_corridors, cheibrodos_lair_caveside_slide,
          serial_bayou_lagoon_b, infiniplex_staircase_pool_2
Lair:6:   due_jungle_book, layout_cave_pods, slime_dummy, wad_woods_02,
          serial_bayou_shore_b, grunt_megastairs_5

Skill      XL: |  1  2  3  4  5  6  7  8  9 10 11 12 13 14 |
---------------+-------------------------------------------+-----
Short Blades   | 1 2 3 4 5 6 7 8 9 |  9.7
Long Blades    | 1 2 3 4 5 6 7 8 9 |  9.7
Maces & Flails | 1 2 3 4 5 6 7 8 9 |  9.7
Polearms       | 1 2 3 4 5 6 7 8 9 |  9.7
Staves         | 1 2 3 4 5 6 7 8 9 |  9.7
Slings         | 1 2 3 4 5 6 7 8 9 |  9.7
Bows           | 1 2 3 4 5 6 7 8 9 |  9.7
Crossbows      | 1 2 3 4 5 6 7 8 9 |  9.7
Throwing       | 1 2 3 4 5 6 7 8 9 |  9.7
Stealth        | 1 2 3 4 5 6 7 8 9 |  9.7
Shields        | 1 2 3 4 5 6 7 8 9 |  9.7
Unarmed Combat | 1 2 3 4 5 6 7 8 9 |  9.7
Spellcasting   | 1 2 3 4 5 6 7 8 9 |  9.7
Evocations     | 1 2 3 4 5 6 7 8 9 |  9.7
Conjurations   | 1 2 3 4 5 6 7 8 |  8.1
Hexes          | 1 2 3 4 5 6 7 8 |  8.1
Summonings     | 1 2 3 4 5 6 7 8 |  8.1
Necromancy     | 1 2 3 4 5 6 7 8 |  8.1
Translocations | 1 2 3 4 5 6 7 8 |  8.1
Transmutations | 1 2 3 4 5 6 7 8 |  8.1
Fire Magic     | 1 2 3 4 5 6 7 8 |  8.1
Ice Magic      | 1 2 3 4 5 6 7 8 |  8.1
Air Magic      | 1 2 3 4 5 6 7 8 |  8.1
Earth Magic    | 1 2 3 4 5 6 7 8 |  8.1
Poison Magic   | 1 2 3 4 5 6 7 8 |  8.1
Dodging        | 3 4 5 6 7 8 9 10 | 10.0
Invocations    | 5 6 7 8 9 10 11 | 11.3
Axes           | 5 6 7 8 9 10 | 10.6
Armour         | 5 6 7 8 9 10 | 10.6
Fighting       | 7 8 9 10 11 | 11.5

Action                   |  1- 3 |  4- 6 |  7- 9 | 10-12 | 13-15 || total
-------------------------+-------+-------+-------+-------+-------++-------
Melee: Hand axe          |    65 |   192 |   325 |  1107 |  1266 ||  2955
       Bite              |     7 |    28 |    46 |   162 |   251 ||   494
       Punch             |       |     5 |    11 |     2 |       ||    18
       Broad axe         |       |       |       |    39 |    12 ||    51
Throw: Dart              |       |    17 |    23 |    67 |    12 ||   119
Invok: Depart the Abyss  |     1 |       |       |     1 |     1 ||     3
       Banish            |       |       |     2 |     2 |     5 ||     9
       Bend Space        |       |       |       |     4 |     1 ||     5
       Enter the Abyss   |       |       |       |     1 |     1 ||     2
Evoke: Wand              |       |       |       |     2 |       ||     2
  Use: Scroll            |     3 |     5 |     8 |    15 |     7 ||    38
       Potion            |       |       |       |     8 |     5 ||    13
 Stab: Invisible         |       |       |       |     3 |       ||     3
       Petrified         |       |       |       |       |    14 ||    14
       Sleeping          |       |       |       |       |     3 ||     3
Armor: Leather armour    |    13 |       |       |       |       ||    13
       Plate armour      |    16 |   144 |   248 |   496 |   124 ||  1028
       Scale mail        |     3 |       |       |       |       ||     3
       Skin              |       |       |       |    19 |       ||    19
       Chain mail        |       |       |       |       |   409 ||   409
Dodge: Dodged            |    47 |    93 |   144 |   243 |   428 ||   955
Block: Kite shield       |       |       |       |   660 |   772 ||  1432

Table legend: (Time is in decaauts)
 A = Elapsed time spent in this place.
 B = Non-inter-level travel time spent in this place.
 C = Inter-level travel time spent in this place.
 D = Time resting spent in this place.
 E = Time spent auto-exploring this place.
 F = Levels seen in this place.
 G = Mean time per level.
                   A        B        C        D        E       F      G
               +--------+--------+--------+--------+--------+-----+--------+
         Total |  27816 |  27266 |    550 |   8998 |  12047 |  23 | 1209.4 |
       Dungeon |  18417 |  18010 |    407 |   6508 |   7833 |  12 | 1534.8 |
          Lair |   9069 |   8926 |    143 |   2308 |   4128 |   6 | 1511.5 |
         Abyss |    323 |    323 |      0 |    182 |     84 |   4 |   80.8 |
        Bailey |      6 |      6 |      0 |      0 |      1 |   1 |    6.0 |
               +--------+--------+--------+--------+--------+-----+--------+

Top non-repeatable levels by time:
  Lair:6: 2584 daAuts
     D:6: 2252 daAuts
    D:12: 2243 daAuts
    D:10: 2116 daAuts
  Lair:2: 1943 daAuts
    D:11: 1766 daAuts
     D:5: 1711 daAuts
     D:7: 1628 daAuts
     D:9: 1474 daAuts
     D:8: 1388 daAuts
  Lair:4: 1387 daAuts
  Lair:3: 1147 daAuts
     D:3: 1061 daAuts
     D:1: 1060 daAuts
  Lair:5: 1038 daAuts
